 Dungeon Crawl Stone Soup version 0.19.5 (console) character file.

294 Grinner the Changer (level 6, -4/30 HPs)
             Began as a Spriggan Transmuter on Mar 15, 2017.
             Slain by zephy's ghost (20 damage)
             ... on level 4 of the Dungeon.
             The game lasted 00:10:10 (4127 turns).

Grinner the Changer (Spriggan Transmuter)           Turns: 4127, Time: 00:10:11

Health: -4/30      AC:  2    Str:  7    XL:     6   Next: 11%
Magic:  13/13      EV: 21    Int: 14    God:
Gold:   193        SH:  0    Dex: 23    Spells: 4 memorised, 3 levels left

rFire  . . .     SeeInvis +       - Unarmed
rCold  . . .     Gourm    .     (armour currently unavailable)
rNeg   . . .     Faith    .     (shield currently unavailable)
rPois  x         Spirit   .     (helmet currently unavailable)
rElec  .         Reflect  .     (cloak currently unavailable)
rCorr  .         Harm     .     (gloves unavailable)
MR     +....                    (boots unavailable)
Stlth  +.........               (no amulet)
                                (no ring)
                                (no ring)

@: confused, spider-form (expiring), very slightly contaminated
A: unfitting armour, see invisible, herbivore 3, (speed 0), slow metabolism 2
a: End Transformation


You were on level 4 of the Dungeon.
You were full.
You were a venomous arachnid creature.
You visited 1 branch of the dungeon, and saw 4 of its levels.

You collected 193 gold pieces.

Inventory:

Missiles
 a - 12 arrows
Armour
 b - a +0 robe (melded)
Scrolls
 e - 2 scrolls of teleportation {unknown}
 h - a scroll of enchant armour {unknown}
 i - a scroll of magic mapping {unknown}
 k - 2 scrolls of remove curse {unknown}
 r - a scroll of noise {unknown}
Potions
 j - a potion of agility {unknown}
 l - a potion of berserk rage {unknown}
 m - a potion of lignification {unknown}
 n - a potion of cancellation {unknown}
 o - 2 potions of curing {unknown}
Books
 c - a book of Changes

   Spells                             Type                      Level
   a - Beastly Appendage              Transmutation                1
   b - Sticks to Snakes               Transmutation                2
   c - Spider Form                    Transmutation/Poison         3
   d - Ice Form                       Ice/Transmutation            4
   e - Blade Hands                    Transmutation                5
 d - a book of Necromancy

   Spells                             Type                      Level
   a - Pain                           Necromancy                   1
   b - Animate Skeleton               Necromancy                   1
   c - Vampiric Draining              Necromancy                   3
   d - Regeneration                   Charms/Necromancy            3
   e - Animate Dead                   Necromancy                   4
   f - Control Undead                 Necromancy                   4
 q - a book of Cantrips

   Spells                             Type                      Level
   a - Confusing Touch                Hexes                        1
   b - Animate Skeleton               Necromancy                   1
   c - Summon Small Mammal            Summoning                    1
   d - Apportation                    Translocation                1
Comestibles
 g - a slice of pizza
 p - 2 fruits


   Skills:
 + Level 1.4 Fighting
 - Level 3.0 Dodging
 + Level 3.8 Unarmed Combat
 * Level 4.0 Spellcasting
 * Level 0.0 Charms
 * Level 4.9 Transmutations
 - Level 2.0 Poison Magic


You had 3 spell levels left.
You knew the following spells:

 Your Spells              Type           Power        Failure   Level  Hunger
d - Regeneration          Chrm/Necr      #.........   80%         3    ###....
f - Vampiric Draining     Necr           #.........   80%         3    ###....
s - Spider Form           Tmut/Pois      ##........   32%         3    ###....
z - Beastly Appendage     Tmut           ###...       10%         1    None


Dungeon Overview and Level Annotations

Branches:
Dungeon (4/15)
 Temple: D:4-7

Altars:
Uskayaw

Annotations:
D:4 zephy's ghost, amateur TrMo


Innate Abilities, Weirdness & Mutations

You are very small and have problems with some larger weapons.
You are too small for most types of armour.
You have supernaturally acute eyesight. (SInv)
You are a herbivore.
((You cover ground extremely quickly.))
You need consume almost no food.


Message History

* * * LOW HITPOINT WARNING * * *
You're too confused to move!
Zephy's ghost closely misses you.
You hit zephy's ghost but do no damage.
Zephy's ghost is moderately damaged.
You feel sick.
You are no longer poisoned.
Zephy's ghost barely misses you.
You completely miss zephy's ghost.
Zephy's ghost is moderately damaged.
Zephy's ghost closely misses you.
You're too confused to move!
Zephy's ghost barely misses you.
You hit zephy's ghost.
Zephy's ghost is moderately damaged.
Zephy's ghost closely misses you.
You're too confused to move!
Zephy's ghost hits you!
You hit zephy's ghost.
Zephy's ghost is moderately damaged.
Zephy's ghost hits you!!
Ouch! That really hurt!
You die...

#.......#.#...#
#.......#..#.#
#............#
#......#...###
#...(..#...#
... #.$.# ..
#..## $
#.W#######
#.s.......
..............#
.###...........
#...........
###.#.....<. #.
.#.#### #. ....
## .#.##


You could see zephy's ghost.

Vanquished Creatures
  The ghost of FelipeSwartz the Skirmisher, an amateur DsAK of Lugonu (D:3)
  An orc priest (D:4)
  Jessica (D:2)
  A worker ant (D:4)
  A hound skeleton (D:3)
  3 adders
  A shadow imp (D:3)
  An ooze (D:2)
  2 worms (D:2)
  3 dart slugs (D:2)
  A leopard gecko (D:3)
  6 orcs (D:4)
  6 giant cockroaches
  11 goblins
  4 hobgoblins
  7 kobolds
  A ball python (D:1)
  8 bats
  4 frilled lizards
  7 rats
70 creatures vanquished.

Notes
Turn   | Place    | Note
-------+----------+-------------------------------------------
     0 | D:1      | Grinner the Spriggan Transmuter began the quest for the Orb.
     0 | D:1      | Reached XP level 1. HP: 9/9 MP: 5/5
     2 | D:1      | Noticed a vampire
     2 | D:1      | Noticed a spriggan
     4 | D:1      | Noticed an octopode
     4 | D:1      | Noticed an elf
     6 | D:1      | Noticed a naga
     6 | D:1      | Noticed a tengu
     8 | D:1      | Noticed a draconian
     8 | D:1      | Noticed a demonspawn
    10 | D:1      | Noticed a human
    12 | D:1      | Noticed an ogre
    12 | D:1      | Noticed a vine stalker
    14 | D:1      | Noticed a gargoyle
    14 | D:1      | Noticed a halfling
    16 | D:1      | Noticed a demigod
    16 | D:1      | Noticed a dwarf
    18 | D:1      | Noticed a formicid
    18 | D:1      | Noticed a troll
    20 | D:1      | Noticed a minotaur
    20 | D:1      | Noticed a felid
    22 | D:1      | Noticed a ghoul
    24 | D:1      | Noticed a merfolk
    26 | D:1      | Noticed a centaur
   160 | D:1      | Reached XP level 2. HP: 3/14 MP: 4/6
  1531 | D:2      | Reached XP level 3. HP: 10/17 MP: 8/8
  1698 | D:2      | Noticed Jessica
  1709 | D:2      | Killed Jessica
  1714 | D:2      | Learned a level 3 spell: Spider Form
  2054 | D:2      | Reached XP level 4. HP: 19/21 MP: 9/9
  2784 | D:3      | Reached skill level 1 in Fighting
  2921 | D:3      | Found a hide-covered altar of Uskayaw.
  2940 | D:3      | Noticed FelipeSwartz's ghost (amateur DsAK)
  2994 | D:3      | Killed FelipeSwartz's ghost
  2994 | D:3      | Reached skill level 1 in Poison Magic
  2994 | D:3      | Reached XP level 5. HP: 9/25 MP: 8/11
  3697 | D:3      | Learned a level 3 spell: Regeneration
  3701 | D:3      | Learned a level 3 spell: Vampiric Draining
  3837 | D:4      | Reached XP level 6. HP: 8/30 MP: 10/13
  4096 | D:4      | Noticed zephy's ghost (amateur TrMo)
  4120 | D:4      | HP: 1/30 [zephy's ghost (8)]
  4127 | D:4      | Slain by zephy's ghost

Skill      XL: |  1  2  3  4  5 |
---------------+----------------+-----
Transmutations | 3 4 |  4.9
Unarmed Combat | 3 |  3.8
Spellcasting   | 3 4 |  4.0
Fighting       | 1 |  1.4
Poison Magic   | 1 2 |  2.0
Dodging        | |  3.0

Action                   |  1- 3 |  4- 6 || total
-------------------------+-------+-------++-------
Melee: Unarmed           |   170 |   201 ||   371
       Headbutt          |     8 |     3 ||    11
       Kick              |     7 |     8 ||    15
       Punch             |       |     3 ||     3
 Cast: Beastly Appendage |     9 |     7 ||    16
       Spider Form       |       |     8 ||     8
  Use: Potion            |     1 |     4 ||     5
 Stab: Sleeping          |     1 |     1 ||     2
  Eat: Pizza             |       |     1 ||     1
       Bread ration      |       |     1 ||     1
Armor: Robe              |    19 |    10 ||    29
       Skin              |       |     1 ||     1
Dodge: Dodged            |   150 |   158 ||   308
